 Dungeon Crawl Stone Soup version 0.32-a0-612-g1c984fe9d1 (webtiles) character file.

Game seed: 17908282445126231564

904 inqbanana the Slasher (level 7, -4/61 HPs)
             Began as a Minotaur Fighter on Mar 4, 2024.
             Was a Believer of Lugonu.
             Slain by an orc warrior
             ... wielding a +0 mace
              (13 damage)
             ... on level 4 of the Dungeon.
             The game lasted 00:06:51 (2752 turns).

inqbanana the Slasher (Minotaur Fighter)            Turns: 2752, Time: 00:06:52

Health: -4/61      AC:  7    Str: 22    XL:     7   Next: 80%
Magic:  5/5        EV: 12    Int:  5    God:    Lugonu [**....]
Gold:   53         SH:  0    Dex: 16    Spells: 6/6 levels left

rFire   . . .        r - +0 great sword
rCold   x . .        (shield currently unavailable)
rNeg    . . .        b - +0 scale mail
rPois   +            (helmet restricted)
rElec   .            (no cloak)
rCorr   .            (no gloves)
SInv    .            (no boots)
Will    .....        (no amulet)
Stlth   +            q - +6 ring of dexterity
HPRegen 0.30/turn    (no ring)
MPRegen 0.09/turn

%: no passive effects
@: brilliant
A: horns 2, retaliatory headbutt, low MP 1, poison resistance, cold
vulnerability 1, sturdy frame 1
a: Renounce Religion, Depart the Abyss, Banish


You were on level 4 of the Dungeon.
You worshipped Lugonu.
Lugonu was pleased with you.
You visited 1 branch of the dungeon, and saw 4 of its levels.
You visited the Abyss 1 time.

You collected 196 gold pieces.
You spent 143 gold pieces at shops.

Inventory:

Hand Weapons
 a - a +0 long sword
 k - a +1 falchion of protection
 n - the +5 flail of Optimality {flame, +Blink rElec rF- Dex+6}
   (You found it on level 2 of the Dungeon)

   Dex+6:     It affects your dexterity (+6).
   rF-:       It makes you vulnerable to fire.
   rElec:     It insulates you from electricity.
   +Blink:    It lets you blink.
 r - a +0 great sword (weapon)
Armour
 b - a +0 scale mail (worn)
 c - a +0 buckler
 m - the +4 leather armour "Guvudd" {*Slow rElec rC+++ Will-}
   (You found it on level 2 of the Dungeon)

   rC+++:     It renders you almost immune to cold.
   rElec:     It insulates you from electricity.
   Will-:     It decreases your willpower.
   *Slow:     It may slow you when you take damage.
Jewellery
 q - a +6 ring of dexterity (left hand)
Wands
 l - a wand of quicksilver (10)
 s - a wand of roots (4)
Scrolls
 d - a scroll of enchant armour {unknown}
 f - 2 scrolls of fear {unknown}
 h - a scroll of vulnerability {unknown}
 i - 4 scrolls of identify {unknown}
 j - 5 scrolls of teleportation
 o - 2 scrolls of blinking {unknown}
 p - a scroll of brand weapon {unknown}
 t - 3 scrolls of enchant weapon {unknown}
Potions
 g - a potion of curing


   Skills:
 + Level 5.6 Fighting
 * Level 6.5 Long Blades
 + Level 5.7 Armour
 + Level 3.5 Dodging
 - Level 5.6 Shields
 * Level 0.6 Invocations


You had 6 spell levels left.
You didn't know any spells.
Your spell library was empty.

Dungeon Overview and Level Annotations

Branches:
Dungeon (4/15)
 Temple: D:4-7

Altars:
Hepliaklqana

Shops:
D:4 (

Portals:
Abyss: D:3


Innate Abilities, Weirdness & Mutations

You have a pair of horns on your head.
You reflexively headbutt those who attack you in melee.
Your magical capacity is low. (-10% MP)
Your system is resistant to poisons. (rPois)
You are vulnerable to cold. (rC-)
Your movements are slightly less encumbered by armour. (ER -2)


Message History

You kill the iguana!
Lugonu accepts your kill.
No target in view!
An orc warrior and an orc priest come into view.
The orc warrior shouts!
The orc priest shouts!
You hear a shout!
You hear a howl!
An orc wizard comes into view. It is wielding a +0 dagger.
An orc comes into view. It is wielding a +0 short sword.
There are monsters nearby!
There are monsters nearby!
An orc comes into view. It is wielding a +0 flail.
The orc shouts! x2
You barely miss the orc warrior.
The orc warrior hits you with a +0 mace.
You closely miss the orc warrior.
A howler monkey comes into view.
The orc wizard mumbles some strange words.
The orc wizard flickers and vanishes!
Deactivating autopickup; reactivate with Ctrl-A.
The orc warrior hits you with a +0 mace!
The orc warrior closely misses you.
The howler monkey moves out of view.
It was a potion of brilliance.
You feel clever all of a sudden.
The orc warrior hits you with a +0 mace!
You slash the orc warrior! Your headbutt misses the orc warrior.
The orc warrior is severely wounded.
The orc warrior hits you with a +0 mace!
The orc priest invokes the aid of Beogh against you.
Beogh smites you!
* * * LOW HITPOINT WARNING * * *
You are too injured to fight recklessly!
You are too injured to fight recklessly!
You are too injured to fight recklessly!
You are too injured to fight recklessly!
Unknown command.
You hit the orc warrior but do no damage.
Your headbutt misses the orc warrior.
The orc warrior is severely wounded.
The orc warrior hits you with a +0 mace!
You die...

###.##.#.##.........##.#
#.#.###>#.#...###.##.#
#..## ##..#..####.##.#
#.## ##............#
##.## ##.##..####.####
##.###.###..# #.#
##.#.## #..####.# ##.##
#.......# ### ##@######
#o# #o# #.# #o# .o. ...
...


You could see an orc warrior, an orc priest and 2 orcs.

Vanquished Creatures
  A worldbinder (Abyss:1)
  Sigmund (D:3)
  A small abomination (D:3)
  The ghost of sakurarose the Changeling, a weakling DgSh (D:3)
  An iguana (D:4)
  An orc wizard (D:4)
  2 adders
  3 gnolls (D:3)
  An ufetubus (D:3)
  3 dart slugs
  2 ribbon worms
  9 orcs
  7 endoplasms
  A giant cockroach (D:2)
  6 goblins
  5 hobgoblins
  5 ball pythons
  6 bats
  5 frilled lizards
  8 kobolds
  7 rats
76 creatures vanquished.

Notes
Turn   | Place    | Note
-------+----------+-------------------------------------------
     0 | D:1      | inqbanana the Minotaur Fighter began the quest for the Orb.
     0 | D:1      | Reached XP level 1. HP: 19/19 MP: 0/0
   248 | D:1      | Reached XP level 2. HP: 27/27 MP: 1/1
   690 | D:2      | Identified the +4 leather armour "Guvudd" {*Slow rElec
                  | rC+++ Will-}
   709 | D:2      | Identified the +5 flail of Optimality {flame, +Blink rElec
                  | rF- Dex+6}
   775 | D:2      | Reached skill level 3 in Long Blades
   955 | D:2      | Reached XP level 3. HP: 26/33 MP: 2/2
   993 | D:2      | Reached skill level 1 in Dodging
  1408 | D:3      | Noticed Sigmund
  1419 | D:3      | Killed Sigmund
  1420 | D:3      | Reached skill level 4 in Long Blades
  1420 | D:3      | Reached XP level 4. HP: 16/41 MP: 3/3
  1420 | D:3      | Reached XP level 5. HP: 19/47 MP: 4/4
  1471 | D:3      | Found a transporter.
  1665 | D:3      | Found a one-way gate to the infinite horrors of the Abyss.
  1665 | D:3      | Noticed sakurarose's ghost (weakling DgSh)
  1665 | D:3      | Noticed a small abomination
  1671 | D:3      | Killed a small abomination
  1672 | D:3      | Reached skill level 5 in Long Blades
  1672 | D:3      | Reached skill level 5 in Armour
  1672 | D:3      | Reached XP level 6. HP: 55/55 MP: 5/5
  1674 | D:3      | Killed sakurarose's ghost
  1688 | D:3      | Found a transporter.
  1712 | D:3      | Reached skill level 5 in Shields
  1746 | D:3      | Voluntarily entered the Abyss.
  1763 | Abyss:1  | Found a corrupted altar of Lugonu.
  1771 | Abyss:1  | Noticed a worldbinder
  1772 | Abyss:1  | Became a worshipper of Lugonu the Unformed
  1772 | Abyss:1  | Reached * piety under Lugonu
  1772 | Abyss:1  | Reached ** piety under Lugonu
  1779 | Abyss:1  | Gained mutation: You are vulnerable to cold. (rC-) [potion
                  | of mutation]
  1779 | Abyss:1  | Gained mutation: You passively dampen the noise of your
                  | surroundings. [potion of mutation]
  1779 | Abyss:1  | Gained mutation: You occasionally lose the ability to drink
                  | potions when taking damage. [potion of mutation]
  1785 | Abyss:1  | Noticed a wolf spider
  1785 | Abyss:1  | Killed a worldbinder
  1786 | Abyss:1  | Reached skill level 5 in Fighting
  1786 | Abyss:1  | Reached skill level 6 in Long Blades
  1786 | Abyss:1  | Reached XP level 7. HP: 47/61 MP: 6/6
  1787 | Abyss:1  | Found a corrupted altar of Lugonu.
  1787 | Abyss:1  | Found a corrupted altar of Lugonu.
  1796 | Abyss:1  | Noticed a ynoxinul
  1801 | Abyss:1  | Noticed a thrashing horror
  1802 | Abyss:1  | Noticed an ancient zyme
  1814 | Abyss:1  | Noticed a small abomination
  1818 | D:3      | Escaped the Abyss
  1976 | D:3      | Lost mutation: You occasionally lose the ability to drink
                  | potions when taking damage. [potion of mutation]
  1976 | D:3      | Lost mutation: You passively dampen the noise of your
                  | surroundings. [potion of mutation]
  1976 | D:3      | Gained mutation: Your movements are slightly less
                  | encumbered by armour. (ER -2) [potion of mutation]
  1976 | D:3      | Gained mutation: Your system is resistant to poisons.
                  | (rPois) [potion of mutation]
  1976 | D:3      | Gained mutation: Your magical capacity is low. (-10% MP)
                  | [potion of mutation]
  2350 | D:4      | Found a hazy altar of Hepliaklqana.
  2569 | D:4      | Found Elotaky's Antique Weapon Emporium.
  2589 | D:4      | Bought a great sword for 143 gold pieces
  2752 | D:4      | Slain by an orc warrior

Illustrated notes

Levels and vault maps discovered:
D:1:      dpeg_arrival_tiny_a, layout_basic, minmay_pentomino_w2
D:2:      layout_basic, serial_rivers, chequers_serial_rivers_room_b,
          chequers_serial_rivers_room_b, chequers_serial_rivers_small_3,
          chequers_serial_rivers_room_b, chequers_serial_rivers_small_b,
          chequers_serial_rivers_micro_b, serial_bayou_pond_e,
          kennysheep_generic_room_4
D:3:      layout_rooms, gammafunk_ghost_abyssal_escape, uniq_sigmund
D:4:      layout_loops_corners, lemuel_crystal_altar, serial_shops, shop,
          palyth_stone_intersect, grunt_ministairs_6,
          minmay_misc_feat_secret_circle, lightli_corner_chamber,
          uniq_eustachio, uniq_robin

Skill      XL: |  1  2  3  4  5  6 |
---------------+-------------------+-----
Long Blades    | 3 4 5 6 |  6.5
Armour         | 4 5 |  5.7
Dodging        | 2 3 |  3.5
Shields        | 4 5 |  5.6
Fighting       | 4 5 |  5.6
Invocations    | |  0.6

Action                     |  1- 3 |  4- 6 |  7- 9 || total
---------------------------+-------+-------+-------++-------
  Melee: Long sword        |    81 |    40 |    32 ||   153
         Headbutt          |     9 |     6 |     9 ||    24
         Great sword       |       |       |    11 ||    11
         Falchion          |       |       |     9 ||     9
    Use: Potion            |     1 |     6 |     2 ||     9
 Armour: Scale mail        |    53 |    36 |    40 ||   129
  Dodge: Dodged            |    41 |    22 |    29 ||    92
  Block: Buckler           |    21 |    26 |     9 ||    56

Table legend: (Time is in decaauts)
 A = Elapsed time spent in this place.
 B = Non-inter-level travel time spent in this place.
 C = Inter-level travel time spent in this place.
 D = Time resting spent in this place.
 E = Time spent auto-exploring this place.
 F = Levels seen in this place.
 G = Mean time per level.
                   A        B        C        D        E       F      G
               +--------+--------+--------+--------+--------+-----+--------+
         Total |   2791 |   2728 |     63 |    135 |   1952 |   5 |  558.2 |
       Dungeon |   2718 |   2655 |     63 |    135 |   1952 |   4 |  679.5 |
         Abyss |     72 |     72 |      0 |      0 |      0 |   1 |   72.0 |
               +--------+--------+--------+--------+--------+-----+--------+

Top non-repeatable levels by time:
     D:3: 934 daAuts
     D:2: 729 daAuts
     D:1: 649 daAuts
     D:4: 405 daAuts
 Abyss:1: 72 daAuts
